 Dungeon Crawl Stone Soup version 0.28-a0-1447-ga5a8893891 (webtiles) character file.

Game seed: 5767300538830195777

64 ticklebelly the Skirmisher (level 3, -1/51 HPs)
             Began as a Minotaur Berserker on Jan 12, 2022.
             Was a Believer of Trog.
             Engulfed by a steam dragon's steam (8 damage)
             ... on level 3 of the Dungeon.
             The game lasted 00:03:06 (2009 turns).

ticklebelly the Skirmisher (Minotaur Berserker)     Turns: 2009, Time: 00:03:07

Health: -1/51      AC:  3    Str: 23    XL:     3   Next: 91%
Magic:  2/2        EV: 12    Int:  4    God:    Trog [**....]
Gold:   88         SH:  0    Dex:  9    Spells: 2/2 levels left

rFire   . . .      SeeInvis .   a - +0 hand axe
rCold   . . .      Faith    .   (no shield)
rNeg    . . .      Spirit   .   b - +0 animal skin
rPois   .          Reflect  .   (helmet restricted)
rElec   .          Harm     .   (no cloak)
rCorr   .          Rampage  .   e - +0 pair of gloves
Will    .....                   (no boots)
Stlth   ..........              (no amulet)
HPRegen 0.17/turn               (no ring)
MPRegen 0.08/turn               (no ring)

@: berserking, very quick
A: horns 2, retaliatory headbutt
a: Renounce Religion, Berserk, Trog's Hand


You were on level 3 of the Dungeon.
You worshipped Trog.
Trog was pleased with you.
You visited 1 branch of the dungeon, and saw 3 of its levels.

You collected 88 gold pieces.

Inventory:

Hand Weapons
 a - a +0 hand axe (weapon)
Missiles
 f - 5 boomerangs (quivered)
Armour
 b - a +0 animal skin (worn)
 e - a +0 pair of gloves (worn)
Scrolls
 c - a scroll of immolation {unknown}
 d - a scroll of noise {unknown}
 j - a scroll of holy word {unknown}
 k - a scroll of silence {unknown}
 l - a scroll of teleportation {unknown}
Potions
 g - a potion of might {unknown}
 h - a potion of curing {unknown}
 i - a potion of resistance {unknown}
 m - a potion of attraction {unknown}
 n - a potion of cancellation {unknown}


   Skills:
 + Level 4.5 Fighting
 + Level 4.4 Axes
 + Level 3.6 Armour
 - Level 2.1 Dodging


You had 2 spell levels left.
You didn't know any spells.
Your spell library was empty.

Dungeon Overview and Level Annotations

Branches:
Dungeon (3/15)

Altars:
Hepliaklqana

Shops:
D:2 (


Innate Abilities, Weirdness & Mutations

You have a pair of horns on your head.
You reflexively headbutt those who attack you in melee.


Message History

m - a bubbling purple potion You now have 88 gold pieces (gained 12).
Found a stone staircase leading down.
A bat comes into view.
A bat is nearby!
A bat is nearby!
A bat is nearby!
You hit the bat.
You kill the bat!
Trog accepts your kill.
No target in view!
No target in view!
n - a silvery potion
Found 2 curare-tipped darts.
A hobgoblin comes into view.
The hobgoblin shouts!
A hobgoblin is nearby!
A hobgoblin is nearby!
A hobgoblin is nearby!
Found a whip.
A steam dragon comes into view.
You barely miss the hobgoblin.
The steam dragon hisses angrily.
You headbutt the hobgoblin.
You kill the hobgoblin!
Trog accepts your kill. The steam dragon breathes steam at you.
The ball of steam hits you!!
Ouch! That really hurt!
You are too injured to fight recklessly!
You barely miss the steam dragon. Your headbutt misses the steam dragon.
You are engulfed in a cloud of scalding steam.
The steam dragon bites you.
* * * LOW HITPOINT WARNING * * *
The steam dragon claws you.
* * * LOW HITPOINT WARNING * * *
A red film seems to cover your vision as you go berserk!
You feel yourself moving faster!
You feel mighty!
You are engulfed in a cloud of scalding steam.
You die...

#.#.####
#.......#
#.######
#.......##
#.......
#........#
########
#.)......#
#^.......##
.........#
#.D.....## #
#.@......# #
#........# #
#§.......# #
#§§......# #
#.§......# #
#####..(.# #
##.### # #.# #
#.############


You could see a steam dragon (catching breath).

Vanquished Creatures
  Robin (D:2)
  An adder (D:2)
  3 endoplasms
  2 giant cockroaches (D:2)
  10 hobgoblins
  2 jackals (D:1)
  A quokka (D:2)
  2 ball pythons (D:2)
  2 bats
  4 frilled lizards
  8 goblins
  4 kobolds
  A rat (D:2)
41 creatures vanquished.

Notes
Turn   | Place    | Note
-------+----------+-------------------------------------------
     0 | D:1      | ticklebelly the Minotaur Berserker began the quest for the
                  | Orb.
     0 | D:1      | Reached XP level 1. HP: 19/19 MP: 0/0
    37 | D:1      | Found a faded altar of an unknown god.
   218 | D:1      | Reached XP level 2. HP: 27/27 MP: 1/1
   559 | D:2      | Reached ** piety under Trog
   615 | D:2      | Noticed Robin
   620 | D:2      | Reached XP level 3. HP: 31/33 MP: 2/2
   627 | D:2      | Killed Robin
   759 | D:2      | Found a hazy altar of Hepliaklqana.
  1682 | D:2      | Found Burchuas's Weapon Shop.
  2003 | D:3      | Noticed a steam dragon
  2009 | D:3      | Engulfed by a steam dragon's steam

Illustrated notes

Levels and vault maps discovered:
D:1:      tarquinn_simple_flora_water_a, layout_rooms,
          shapermc_ecumenical_altar_ellora, hex_large, dk_noncrumbling_3,
          grunt_decor_fettered
D:2:      layout_basic, serial_shops, shop, basic_altar, grunt_decor_clamped,
          uniq_robin
D:3:      layout_basic, minmay_misc_feat_enclosed

Skill      XL: |  1  2 |
---------------+-------+-----
Fighting       | 4 |  4.5
Axes           | 4 |  4.4
Armour         | 3 |  3.6
Dodging        | |  2.1

Action                   || total
-------------------------++-------
Melee: Hand axe          ||    64
       Headbutt          ||     9
Invok: Berserk           ||     1
Armor: Animal skin       ||    10
Dodge: Dodged            ||    47

Table legend: (Time is in decaauts)
 A = Elapsed time spent in this place.
 B = Non-inter-level travel time spent in this place.
 C = Inter-level travel time spent in this place.
 D = Time resting spent in this place.
 E = Time spent auto-exploring this place.
 F = Levels seen in this place.
 G = Mean time per level.
                   A        B        C        D        E       F      G
               +--------+--------+--------+--------+--------+-----+--------+
         Total |   2014 |   1887 |    127 |    343 |   1320 |   3 |  671.3 |
       Dungeon |   2014 |   1887 |    127 |    343 |   1320 |   3 |  671.3 |
               +--------+--------+--------+--------+--------+-----+--------+

Top non-repeatable levels by time:
     D:2: 1394 daAuts
     D:1: 476 daAuts
     D:3: 142 daAuts
